Map: New Repugnancy LE

Players

Smeeeger - Winner!

  • Race: Zerg Zerg
  • League: Platinum
  • Spawn Location: 1:00

Shouse

  • Race: Zerg Zerg
  • League: Platinum
  • Spawn Location: 7:00

VOD

Have the link to the VOD?

Description

Time

  • Played on: July 21, 2019, 8:53 a.m.
  • Length: 14:31
Show
View Real Time Build Order
Export as new Build Order

Smeeeger Zerg - Winner!

Build Orders: Hatch First 

Get SALT Encoding   

  12  0:01  Drone  
  13  0:15  Overlord  
  13  0:17  Drone  
  14  0:33  Drone x2  
  16  0:43  Drone  
  16  0:48  Drone  
  18  1:00  Drone  
  18  1:02  Hatchery, Extractor  
  17  1:16  Spawning Pool  
  16  1:19  Drone  
  16  1:23  Drone  
  18  1:30  Drone  
  19  1:43  Overlord  
  19  2:03  Queen  
  19  2:06  Zergling x4  
  23  2:20  Queen  
  23  2:21  Drone x2  
  27  2:26  Metabolic Boost  
  27  2:36  Drone x3  
  30  2:37  Overlord  
  30  2:55  Drone  
  31  3:10  Drone x3, Overlord  
  34  3:18  Roach Warren  
  34  3:19  Evolution Chamber  
  32  3:21  Queen  
  32  3:22  Drone x2, Evolution Chamber  
  32  3:23  Drone  
  35  3:31  Drone  
  35  3:32  Baneling Nest  
  35  3:38  Zergling x6  
  38  3:42  Zergling x2  
  38  3:43  Zergling x2  
  40  3:53  Evolution Chamber  
  39  3:57  Drone x3  
  39  3:58  Drone  
  39  4:01  Drone  
  44  4:06  Drone x3  
  47  4:16  Drone x2  
  50  4:17  Baneling x2  
  50  4:18  Baneling x2  
  50  4:19  Extractor  
  50  4:24  Zerg Missile Weapons Level 1  
  49  4:33  Roach  
  49  4:34  Lair  
  49  4:36  Overlord x3  
  51  4:58  Roach x4  
  59  5:10  Hatchery  
  60  5:14  Roach x3  
  60  5:15  Roach  
  60  5:19  Zergling x14  
  74  5:33  Glial Reconstitution  
  74  5:54  Baneling x4  
  74  5:58  Overlord x3  
  74  6:02  Baneling x2  
  74  6:06  Baneling  
  73  6:22  Extractor  
  72  6:26  Extractor  
  71  6:42  Hatchery  
  70  6:51  Hydralisk Den  
  69  7:21  Hatchery  
  68  7:23  Muscular Augments  
  68  7:25  Zerg Missile Weapons Level 2  
  68  7:32  Drone x3  
  68  7:36  Drone x3  
  72  8:08  Drone x5  
  77  8:16  Hydralisk  
  77  8:17  Hydralisk x10  
  92  8:34  Grooved Spines  
  85  8:44  Hydralisk x6  
  85  8:47  Hydralisk  
  98  8:56  Queen  
  98  8:57  Drone  
  98  8:58  Drone x3  
  104  9:03  Drone  
  104  9:04  Drone x2, Overlord x3  
  107  9:27  Drone  
  107  9:28  Hydralisk x7, Drone x3  
  125  9:36  Queen  
  125  9:38  Drone x3  
  130  9:41  Overlord, Extractor  
  130  9:42  Extractor  
  128  10:01  Overseer  
  119  10:29  Pneumatized Carapace  
  119  10:30  Roach x9  
  137  10:41  Overlord x3  
  137  10:42  Overlord  
  137  10:45  Overseer  
  137  10:57  Hatchery  
  136  11:30  Zergling x16  
  136  11:31  Zergling x2  
  139  11:43  Zergling x2  
  139  11:44  Zergling x12  
  142  11:51  Spine Crawler  
  142  11:52  Spine Crawler x3  
  142  11:53  Spine Crawler  
  133  11:54  Spine Crawler  
  133  12:00  Zergling x10  
  130  12:05  Overseer  
  119  12:12  Spine Crawler x2  
  119  12:13  Spine Crawler  
  119  12:14  Spore Crawler  
  119  12:15  Spore Crawler, Spine Crawler  
  110  12:16  Spore Crawler, Spine Crawler  
  110  12:17  Spine Crawler x2  
  110  12:18  Spore Crawler  
  84  12:52  Zergling x12  
Show
View Real Time Build Order
Export as new Build Order

Shouse Zerg 

Build Orders: Pool First, Lurkers, Swarm Host 

Get SALT Encoding   

  12  0:01  Drone  
  13  0:13  Overlord  
  13  0:17  Drone  
  14  0:32  Drone x2  
  16  0:43  Drone  
  17  0:50  Drone  
  18  0:57  Drone  
  19  1:08  Drone  
  20  1:22  Spawning Pool  
  20  1:23  Hatchery  
  18  1:44  Hatchery  
  18  1:45  Drone  
  18  1:47  Overlord  
  18  2:01  Overlord  
  18  2:09  Queen  
  18  2:11  Zergling x2  
  21  2:18  Zergling x2  
  22  2:36  Queen  
  24  2:43  Drone x4  
  28  3:07  Drone x5  
  28  3:08  Drone  
  34  3:29  Evolution Chamber  
  34  3:32  Drone x4  
  34  3:33  Drone  
  38  3:34  Evolution Chamber  
  38  3:36  Extractor  
  38  3:39  Extractor  
  38  3:41  Extractor  
  34  3:42  Overlord  
  34  3:43  Extractor  
  34  3:44  Overlord  
  33  3:48  Overlord  
  33  3:50  Drone  
  33  3:51  Drone x2  
  33  3:53  Drone x3  
  39  4:01  Queen x3  
  45  4:04  Drone x2  
  45  4:07  Drone  
  48  4:10  Drone x2  
  48  4:12  Drone  
  51  4:27  Roach Warren  
  49  4:35  Zerg Missile Weapons Level 1  
  49  4:42  Spine Crawler x2  
  47  4:48  Drone x2  
  47  4:49  Spine Crawler  
  48  4:59  Lair  
  48  5:39  Overlord  
  48  5:41  Overlord  
  48  5:56  Roach  
  48  5:57  Roach x11  
  72  6:05  Hydralisk Den  
  72  6:10  Infestation Pit  
  70  6:21  Roach x6  
  70  6:22  Roach  
  84  6:44  Lurker Den  
  83  6:50  Nydus Network  
  82  7:02  Overlord x2  
  82  7:04  Overlord x2  
  82  7:14  Swarm Host x2  
  88  7:19  Swarm Host  
  88  7:20  Swarm Host x3  
  88  7:21  Swarm Host  
  103  7:31  Nydus Canal  
  103  7:35  Drone  
  103  7:36  Drone  
  105  7:38  Drone x4  
  105  7:41  Hydralisk x2  
  105  7:42  Overlord  
  113  8:02  Nydus Canal  
  110  8:08  Hydralisk x4  
  118  8:13  Lurker  
  119  8:49  Lurker  
  119  8:50  Lurker x3  
  123  9:06  Nydus Canal  
  123  9:10  Lurker  
  123  9:14  Queen x2  
  123  9:15  Overlord x2  
  123  9:16  Overlord  
  128  9:26  Overlord x3  
  128  9:33  Queen  
  130  9:38  Nydus Canal  
  130  9:49  Queen x2  
  125  11:05  Spire  
  124  11:18  Overlord  
  124  11:19  Overlord x2  
  124  11:21  Nydus Canal  
  115  11:39  Nydus Canal  
  83  12:23  Spine Crawler  
  62  12:55  Hatchery  
Tags
 
Add a new tag
Caveats
  • Supply blocks, unpowered buildings, or Contaminate may cause inaccurate times.
  • Supply counts are checked every 10 seconds.